Selects Canadian Shock Battlegroup
Construct Section Command Post
Selects Canadian Shock Section
Construct Section Command Post
Construct Field Infirmary
Construct Field Infirmary
Construct Section Command Post
Construct Platoon Command Post
Unlock M3 Stuart Light Tanks
Unlock Bishop Self-propelled Artillery
Bishop Self-propelled Artillery
Construct Company Command Post
Unlock Towed 17-pounder Anti-tank Guns
17-pounder Anti-tank Gun Team